 Dungeon Crawl Stone Soup version 0.24.0-125-gc4c63601f3 (webtiles) character file.

Game seed: 3588634259212989426, levelgen mode: deterministic

207 Mehrunes the Shield-Bearer (level 5, 0/61 HPs)
             Began as a Demonspawn Fighter on Mar 13, 2020.
             Was a Follower of Kikubaaqudgha.
             Succumbed to a scorpion's poison
             ... on level 4 of the Dungeon.
             The game lasted 00:15:40 (4917 turns).

Mehrunes the Shield-Bearer (Demonspawn Fighter)     Turns: 4917, Time: 00:15:40

Health: 0/61       AC: 22    Str: 17    XL:     5   Next: 54%
Magic:  5/5        EV:  2    Int: 10    God:    Kikubaaqudgha [*.....]
Gold:   148        SH:  9    Dex: 12    Spells: 4/4 levels left

rFire    + . .     SeeInvis .   a - +0 war axe
rCold    x . .     Gourm    .   c - +0 shield
rNeg     + + +     Faith    .   (armour currently unavailable)
rPois    +         Spirit   .   (helmet currently unavailable)
rElec    .         Reflect  .   (cloak currently unavailable)
rCorr    .         Harm     .   (gloves currently unavailable)
MR       .....     NoTele   +   (boots currently unavailable)
Stlth    +.........             (no amulet)
HPRegen  0.20/turn              s - ring of fire
MPRegen  0.09/turn              (no ring)

@: lethally poisoned (0 -> -9), tree-form
A: no striking features
a: Receive Corpses, Renounce Religion


You were on level 4 of the Dungeon.
You worshipped Kikubaaqudgha.
Kikubaaqudgha was aware of your devotion.
You were not hungry.
You were a tree.
You visited 1 branch of the dungeon, and saw 4 of its levels.
You also visited: Sewer.

You collected 148 gold pieces.

Inventory:

Hand Weapons
 a - a +0 war axe (weapon)
 k - a +1 dagger of draining
Armour
 b - a +0 scale mail (melded)
 c - a +0 shield (worn)
 v - a +0 pair of boots
Jewellery
 r - an uncursed ring of resist corrosion {unknown}
 s - a ring of fire (left branch)
 u - an uncursed amulet of regeneration
Wands
 t - a wand of random effects (16)
Scrolls
 g - a scroll of immolation {unknown}
 i - 2 scrolls of fear {unknown}
 j - a scroll of remove curse
 l - 2 scrolls of blinking {unknown}
 m - a scroll of magic mapping {unknown}
 p - 4 scrolls of identify {unknown}
 y - 4 scrolls of teleportation {unknown}
Potions
 d - a potion of might
 e - a potion of agility {unknown}
 h - a potion of lignification
 n - a potion of degeneration {unknown}
 o - a potion of mutation {unknown}
 q - 3 potions of curing {unknown}
 w - 3 potions of flight
Comestibles
 f - 3 rations
 x - 6 chunks of flesh


   Skills:
 - Level 3.0 Fighting
 * Level 4.0 Axes
 - Level 2.6 Armour
 + Level 4.3 Shields


You had 4 spell levels left.
You didn't know any spells.
Your spell library contained the following spells:

 Spells                   Type           Power        Failure   Level  Hunger
 Pain                     Necr           #...         83%         1    ##.....
 Corpse Rot               Necr           N/A          92%         2    ###....
 Sublimation of Blood     Necr           #.........   92%         2    ###....
 Vampiric Draining        Necr           #.........   99%         3    ####...


Dungeon Overview and Level Annotations

Branches:
Dungeon (4/15)              Sewer (visited)
 Temple: D:4-7

Altars:
Cheibriados
Hepliaklqana
Kikubaaqudgha
Makhleb
Qazlal
Ru
Trog
Zin

Annotations:
D:3 Sigmund


Innate Abilities, Weirdness & Mutations

((You have sharp toenails.))
((You are partially covered in iridescent scales. (AC +2)))


Message History

The scorpion stings you but does no damage.
You hit the scorpion but do no damage. You claw the scorpion.
The scorpion is severely wounded.
The scorpion stings you but does no damage.
You hit the scorpion but do no damage.
The scorpion is severely wounded.
You feel sick. The scorpion stings you!
* * * LOW HITPOINT WARNING * * *
You are lethally poisoned!
The scorpion poisons you!
It was a potion of lignification.
You turn into a tree.
Your +0 scale mail melds into your body.
Your roots penetrate the ground.
* * * LOW HITPOINT WARNING * * *
You feel sick. The scorpion stings you.
* * * LOW HITPOINT WARNING * * *
You hit the scorpion.
The scorpion is severely wounded.
You die...
Kikubaaqudgha rasps: "You have failed me!
Welcome... death!"

...... ...
.(.... ..
.......# #.#
.#....$.###..
...#....... .
...$##....# ##
..
#.....#.###...
..#.#.....s....#
.........÷♣....#
#.......÷.....#
.......###.###.#
....... #... #
....... ......
...$... #.......
....... ##......
h...... ......
..Z.... #.####


You could see a scorpion.

Vanquished Creatures
  A hound skeleton (D:4)
  A river rat (D:3)
  4 adders
  4 oozes (Sewer)
  An adder skeleton (D:4)
  9 worms
  2 dart slugs
  3 leopard geckos
  9 orcs (D:3)
  A ball python (D:3)
  5 giant cockroaches
  4 goblins
  3 hobgoblins
  11 jackals
  4 kobolds
  A quokka (D:4)
  10 bats
  4 frilled lizards
  13 rats
90 creatures vanquished.

Notes
Turn   | Place    | Note
-------+----------+-------------------------------------------
     0 | D:1      | Mehrunes the Demonspawn Fighter began the quest for the
                  | Orb.
     0 | D:1      | Reached XP level 1. HP: 18/18 MP: 1/1
   159 | D:1      | Gained mutation: You have sharp toenails. [demonic
                  | ancestry]
   159 | D:1      | Reached XP level 2. HP: 17/24 MP: 2/2
   988 | D:2      | Gained mutation: You are partially covered in iridescent
                  | scales. (AC +2) [demonic ancestry]
   988 | D:2      | Reached XP level 3. HP: 12/29 MP: 3/3
  1400 | D:2      | Noticed an ogre
  2381 | D:2      | Found a stormy altar of Qazlal.
  2462 | D:2      | Found a glowing silver altar of Zin.
  2465 | D:2      | Found a burning altar of Makhleb.
  2466 | D:2      | Found a snail-covered altar of Cheibriados.
  2466 | D:2      | Found a sacrificial altar of Ru.
  2466 | D:2      | Found a hazy altar of Hepliaklqana.
  2468 | D:2      | Found an ancient bone altar of Kikubaaqudgha.
  2471 | D:2      | Found a bloodstained altar of Trog.
  2485 | D:2      | Became a worshipper of Kikubaaqudgha
  2960 | D:3      | Reached XP level 4. HP: 17/35 MP: 4/4
  3140 | D:3      | Found a glowing drain.
  3149 | Sewer    | Entered a sewer
  4081 | D:3      | Reached XP level 5. HP: 31/41 MP: 5/5
  4104 | D:3      | Reached * piety under Kikubaaqudgha
  4104 | D:3      | Identified Kikubaaqudgha's Almanac of Dark Arts
                  | (Kikubaaqudgha gifted it to you on level 3 of the Dungeon)
  4104 | D:3      | Received a gift from Kikubaaqudgha
  4405 | D:3      | Noticed Sigmund
  4915 | D:4      | HP: 2/41 [scorpion (8)]
  4917 | D:4      | Succumbed to a scorpion's poison

Levels and vault maps discovered:
D:1:      onia_arrival_larder, layout_rooms
D:2:      layout_basic, lemuel_round_altar, minitemple
D:3:      layout_basic, cheibrodos_sewer_entry_sluice, first_ration,
          minmay_hedge_maze, uniq_jessica, uniq_sigmund, uniq_robin
D:4:      layout_rooms, serial_shops, shop, kennysheep_slug_shrine

Skill      XL: |  1  2  3  4  5 |
---------------+----------------+-----
Axes           | 2 3 4 |  4.0
Shields        | 3 4 |  4.3
Fighting       | |  3.0
Armour         | |  2.6

Action                   |  1- 3 |  4- 6 || total
-------------------------+-------+-------++-------
Melee: War axe           |   125 |   158 ||   283
       Kick              |    17 |    38 ||    55
  Use: Scroll            |     1 |       ||     1
       Potion            |       |     3 ||     3
  Eat: Chunk             |     5 |     5 ||    10
       Ration            |       |     1 ||     1
Armor: Scale mail        |    71 |   159 ||   230
Dodge: Dodged            |    45 |    98 ||   143
Block: Shield            |    68 |   154 ||   222
